 Dungeon Crawl Stone Soup version 0.29.1-15-g9cfb28693d (webtiles) character file.

Game seed: 3562378482971876076

119 Alturiack the Shooter (level 4, 0/22 HPs)
             Began as a Spriggan Hunter on Apr 11, 2023.
             Slain by a gnoll
             ... wielding a +0 spear
              (4 damage)
             ... on level 2 of the Dungeon.
             The game lasted 00:04:33 (1498 turns).

Alturiack the Shooter (Spriggan Hunter)             Turns: 1498, Time: 00:04:34

Health: 0/22       AC:  2    Str:  7    XL:     4   Next: 74%
Magic:  5/5        EV: 19    Int: 10    God:
Gold:   50         SH:  0    Dex: 20    Spells: 3/3 levels left

rFire   . . .      SeeInvis +   a - +0 shortbow
rCold   . . .      Faith    .   (shield currently unavailable)
rNeg    . . .      Spirit   .   j - +0 robe {Will+}
rPois   .          Reflect  .   (helmet restricted)
rElec   .          Harm     .   (no cloak)
rCorr   .          Rampage  .   (gloves unavailable)
Will    +....                   (boots unavailable)
Stlth   ++........              (no amulet)
HPRegen 0.07/turn               (no ring)
MPRegen 0.09/turn               (no ring)

@: very quick
A: very small, no large weapons, unfitting armour, see invisible, speed 3
a: no special abilities


You were on level 2 of the Dungeon.
You visited 1 branch of the dungeon, and saw 2 of its levels.

You collected 50 gold pieces.

Inventory:

Hand Weapons
 a - a +0 shortbow (weapon)
Armour
 j - a +0 robe of willpower (worn)
Scrolls
 b - a scroll of immolation
 c - a scroll of identify {unknown}
 d - 2 scrolls of amnesia {unknown}
 e - a scroll of enchant armour {unknown}
 h - a scroll of acquirement {unknown}
 i - a scroll of magic mapping {unknown}
 k - a scroll of summoning {unknown}
 l - a scroll of vulnerability {unknown}
 m - a scroll of teleportation {unknown}
Potions
 f - 2 potions of degeneration {unknown}
 g - 3 potions of attraction {unknown}


   Skills:
 - Level 1.5 Fighting
 * Level 5.5 Ranged Weapons
 + Level 4.3 Dodging
 - Level 1.5 Stealth


You had 3 spell levels left.
You didn't know any spells.
Your spell library contained the following spells:

 Spells                   Type           Power      Damage    Failure   Level
 Magic Dart               Conj           0%         1d3       36%         1
 Call Imp                 Summ           0%         N/A       50%         2
 Mephitic Cloud           Conj/Pois/Air  0%         N/A       75%         3


Dungeon Overview and Level Annotations

Branches:
Dungeon (2/15)

Altars:


Innate Abilities, Weirdness & Mutations

You are very small and have problems with some larger weapons.
You are too small for most types of armour.
You have supernaturally acute eyesight. (SInv)
You cover ground extremely quickly. (Speed+++)


Message History

Press: ? - help, Q - select action Shift-Dir - straight line, f/p - gnoll
Aim: a gnoll, wielding a +0 spear (almost dead, 68% to hit)
You shoot an arrow. The arrow barely misses the gnoll.
Fire: a) +0 shortbow
Press: ? - help, Q - select action Shift-Dir - straight line, f/p - gnoll
Aim: a gnoll, wielding a +0 spear (almost dead, 68% to hit)
You shoot an arrow. The arrow hits the gnoll.
You kill the gnoll!
Fire: a) +0 shortbow
Press: ? - help, Q - select action Shift-Dir - straight line, f - gnoll
Aim: a gnoll, wielding a +0 spear (moderately wounded, 68% to hit)
You shoot an arrow. The arrow completely misses the gnoll.
The arrow hits the gnoll.
The gnoll is moderately wounded.
Welcome back, Alturiack the Spriggan Hunter.
Press ? for a list of commands and other information.
Welcome back, Alturiack the Spriggan Hunter.
Press ? for a list of commands and other information.
You are too injured to fight recklessly!
Fire: a) +0 shortbow
Press: ? - help, Q - select action Shift-Dir - straight line, f - gnoll
Aim: a gnoll, wielding a +0 spear (moderately wounded, 68% to hit)
You shoot an arrow. The arrow hits the gnoll!
The gnoll is almost dead.
Fire: a) +0 shortbow
Press: ? - help, Q - select action Shift-Dir - straight line, f/p - gnoll
Aim: a gnoll, wielding a +0 spear (almost dead, 68% to hit)
You shoot an arrow. The arrow hits the gnoll.
You kill the gnoll!
Fire: a) +0 shortbow
Press: ? - help, Q - select action Shift-Dir - straight line, f - gnoll
Aim: a gnoll, wielding a +0 spear (68% to hit)
You shoot an arrow. The arrow hits the gnoll.
The gnoll is heavily wounded.
Fire: a) +0 shortbow
Press: ? - help, Q - select action Shift-Dir - straight line, f/p - gnoll
Aim: a gnoll, wielding a +0 spear (heavily wounded, 68% to hit)
You shoot an arrow. The arrow closely misses the gnoll.
The gnoll hits you from afar with a +0 spear.
You die...

#.##.##........# #......#
##g......######.# #.#.##.#
#.....##.######.###.#.##.#
#g.###...........##.#.##.#
#..##....######..##.#.##.#
#....###.# ####..##......#
#g#.## #.##............##
#..## #.#.##.##.##...### #.g#
#.#.##@##.....)..## ##.##
##...g..##.........##### ##.##
##.#..#####>.............
##.###.##.........#...#.######
##.).##...######.#...#.#
######...# #.##.##.# ### #.>.#
#.##.##.# ... #...#
###.##.##.# ####
#.####...####......##.# #...


You could see a gnoll.

Vanquished Creatures
  Natasha (D:2)
  3 gnolls (D:2)
  2 adders (D:2)
  4 dart slugs
  4 bats
  2 endoplasms
  2 goblins (D:1)
  4 hobgoblins
  6 jackals (D:1)
  3 ball pythons
  2 frilled lizards
  6 kobolds
  3 rats
42 creatures vanquished.

Notes
Turn   | Place    | Note
-------+----------+-------------------------------------------
     0 | D:1      | Alturiack the Spriggan Hunter began the quest for the Orb.
     0 | D:1      | Reached XP level 1. HP: 10/10 MP: 2/2
    61 | D:1      | Found a faded altar of an unknown god.
   160 | D:1      | Reached XP level 2. HP: 9/14 MP: 3/3
   630 | D:1      | Reached XP level 3. HP: 18/18 MP: 4/4
  1068 | D:2      | Noticed Natasha
  1072 | D:2      | Killed Natasha
  1073 | D:2      | Reached skill level 5 in Ranged Weapons
  1073 | D:2      | Reached XP level 4. HP: 22/22 MP: 5/5
  1445 | D:2      | HP: 1/22 [gnoll/+0 spear (5)]
  1498 | D:2      | Slain by a gnoll

Illustrated notes

Levels and vault maps discovered:
D:1:      lemuel_arrival_broad_hall, layout_basic,
          hellmonk_ecumenical_altar_heavens_door, corexii_corridor_pit
D:2:      layout_loops_cross, nrook_uturn, uniq_natasha

Skill      XL: |  1  2  3 |
---------------+----------+-----
Dodging        | 3 4 |  4.3
Ranged Weapons | 5 |  5.5
Fighting       | |  1.5
Stealth        | |  1.5

Action                   |  1- 3 |  4- 6 || total
-------------------------+-------+-------++-------
 Fire: Shortbow          |    78 |    35 ||   113
Armor: Robe              |     4 |       ||     4
Dodge: Dodged            |    26 |    11 ||    37
